 Dungeon Crawl Stone Soup version 0.28-a0-983-g1de4e0787c (webtiles) character file.

Game seed: 16319130451463175692

50 demibob the Cudgeller (level 3, -1/27 (29) HPs)
             Began as a Demonspawn Chaos Knight on Dec 3, 2021.
             Was a Plaything of Xom.
             Slain by a gnoll (4 damage)
             ... on level 2 of the Dungeon.
             The game lasted 00:02:34 (1019 turns).

demibob the Cudgeller (Demonspawn Chaos Knight)     Turns: 1019, Time: 00:02:35

HP:   -1/27 (29)    AC:  5    Str: 14    XL:     3   Next: 55%
MP:   3/3           EV: 11    Int: 13    God:    Xom [.*....]
Gold: 27            SH:  0    Dex: 12    Spells: 2/2 levels left

rFire   . . .      SeeInvis .   a - +0 mace (chaos)
rCold   . . .      Faith    .   (no shield)
rNeg    . . .      Spirit   .   b - +2 leather armour
rPois   .          Reflect  .   (no helmet)
rElec   .          Harm     .   (no cloak)
rCorr   .          Rampage  .   (no gloves)
Will    .....                   (no boots)
Stlth   +.........              (no amulet)
HPRegen 0.09/turn               (no ring)
MPRegen 0.08/turn               (no ring)

@: brilliant, lethally poisoned (-1 -> -7), drained
A: foul stench 1, powered by pain 1
a: Renounce Religion


You were on level 2 of the Dungeon.
You worshipped Xom.
You were a plaything of Xom.
You visited 1 branch of the dungeon, and saw 2 of its levels.

You collected 27 gold pieces.


Innate Abilities, Weirdness & Mutations

You may rarely emit foul miasma when damaged in melee.
You sometimes gain a little power by taking damage.


   Skills:
 - Level 3.0 Fighting
 + Level 4.2 Maces & Flails
 - Level 1.7 Armour
 - Level 0.8 Dodging


You had 2 spell levels left.
You didn't know any spells.
Your spell library was empty.

Inventory:

Hand Weapons
 a - a +0 mace of chaos (weapon)
Armour
 b - a +2 leather armour (worn)
Jewellery
 W - a ring of willpower
Scrolls
 c - 2 scrolls of teleportation {unknown}
 d - 2 scrolls of identify {unknown}
 e - 3 scrolls of silence {unknown}
 f - a scroll of immolation {unknown}

Dungeon Overview and Level Annotations

Branches:
Dungeon (1/15)

Altars:
Xom

.....# ....#
..... ....# ....
...##... .g.....
# #g##.. #.
#§##.#
#.###@##.#####..
#...§§§........#
#.####.#.####..
#...........#
#...####..#.# #..
.....#.#
###.####.##.###.#
...####.##.....#
#........######


You could see 2 gnolls.


Message History

You hit the gnoll but do no damage.
The gnoll is poisoned.
The gnoll is heavily wounded.
The gnoll closely misses you. x2
You hit the gnoll but do no damage.
The gnoll is heavily wounded.
The gnoll hits you from afar with a +2 spear of chaos.
You are electrocuted!
* * * LOW HITPOINT WARNING * * *
You emit a cloud of colourful smoke!
Unknown command.
You are too injured to fight recklessly!
Unknown command.
You aren't carrying any potions.
Unknown command.
You hit the gnoll but do no damage.
The gnoll is heavily wounded.
The gnoll hits you from afar with a +2 spear of chaos.
* * * LOW HITPOINT WARNING * * *
You feel drained.
The gnoll hits the gnoll with a +0 club.
The gnoll hits you from afar with a +2 spear of chaos.
* * * LOW HITPOINT WARNING * * *
You are lethally poisoned!
You strike the helpless gnoll from behind!
You hit the gnoll but do no damage. Lightning courses through the gnoll!
You kill the gnoll!
* * * LOW HITPOINT WARNING * * *
You feel sick.
The gnoll hits you from afar with a +2 spear of chaos.
You die...

Skill      XL: |  1  2 |
---------------+-------+-----
Maces & Flails | 3 4 |  4.2
Fighting       | |  3.0
Armour         | |  1.7
Dodging        | |  0.8

Action                   || total
-------------------------++-------
Melee: Mace              ||    59
 Stab: Confused          ||     2
Armor: Leather armour    ||    18
Dodge: Dodged            ||    42

Levels and vault maps discovered:
D:1:      amcnicky_arrival_choice, layout_basic,
          hellmonk_ecumenical_altar_run_dry, minmay_tetromino_t2
D:2:      layout_basic, minivault_4

Notes
Turn   | Place    | Note
-------+----------+-------------------------------------------
     0 | D:1      | demibob the Demonspawn Chaos Knight began the quest for the
                  | Orb.
     0 | D:1      | Reached XP level 1. HP: 18/18 MP: 1/1
    13 | D:1      | XOM: butterfly on damage
    13 | D:1      | XOM: smoke on damage
   141 | D:1      | XOM: divination: magic mapping
   145 | D:1      | Reached skill level 3 in Maces & Flails
   322 | D:1      | Gained mutation: You may rarely emit foul miasma when
                  | damaged in melee. [demonic ancestry]
   322 | D:1      | Reached XP level 2. HP: 24/24 MP: 2/2
   402 | D:1      | XOM: scenery: create altars
   420 | D:1      | XOM: god gift: 23 stones
   597 | D:1      | XOM: noise
   716 | D:1      | XOM: divination: detect creatures
   731 | D:1      | You fall into a shaft and drop 1 floor!
   732 | D:2      | XOM: potion effect (curing)
   741 | D:2      | XOM: potion effect (haste)
   744 | D:2      | Reached skill level 4 in Maces & Flails
   744 | D:2      | Gained mutation: You sometimes gain a little power by
                  | taking damage. [demonic ancestry]
   744 | D:2      | Reached XP level 3. HP: 16/29 MP: 3/3
  1008 | D:2      | XOM: potion effect (brilliance)
  1012 | D:2      | XOM: chaos upgrade
  1017 | D:2      | XOM: smoke on damage
  1019 | D:2      | Slain by a gnoll

Vanquished Creatures
  A jelly (D:2)
  A gnoll (D:2)
  A dart slug (D:1)
  2 ball pythons
  2 endoplasms
  A giant cockroach (D:2)
  2 hobgoblins (D:1)
  3 quokkas
  A frilled lizard (D:2)
  3 kobolds (D:1)
  3 rats (D:1)
20 creatures vanquished.

Table legend: (Time is in decaauts)
 A = Elapsed time spent in this place.
 B = Non-inter-level travel time spent in this place.
 C = Inter-level travel time spent in this place.
 D = Time resting spent in this place.
 E = Time spent auto-exploring this place.
 F = Levels seen in this place.
 G = Mean time per level.
                   A        B        C        D        E       F      G
               +--------+--------+--------+--------+--------+-----+--------+
         Total |   1012 |   1012 |      0 |      0 |    847 |   2 |  506.0 |
       Dungeon |   1012 |   1012 |      0 |      0 |    847 |   2 |  506.0 |
               +--------+--------+--------+--------+--------+-----+--------+

Top non-repeatable levels by time:
     D:1: 739 daAuts
     D:2: 272 daAuts

Table legend:
 A = Non-vault XP
 B = Vault XP
 C = Vault XP percentage of total XP
 D = Non-vault monster count
 E = Vault monster count
 F = Vault count percentage of total count
                 A         B        C        D         E       F
            +---------+---------+-------+---------+---------+-------
      Total |      86 |       0 |   0.0 |      20 |       0 |   0.0
            +---------+---------+-------+---------+---------+-------
        D:1 |      22 |       0 |   0.0 |      13 |       0 |   0.0
        D:2 |      64 |       0 |   0.0 |       7 |       0 |   0.0
            +---------+---------+-------+---------+---------+-------
